 Dungeon Sprint DCSS version 0.03.2.1-57-gb351b3c6d7 (webtiles) character file.

Game seed: 14850668888727491974, levelgen mode: deterministic

0 esc the Firebug (level 1, -15/10 HPs) Deep Elf Fire Elementalist. Began on Feb 4, 2021. Was an Initiate of Vehumet. Demolished by a red ugly thing (16 damage) ... in the Dungeon (Sprint V: "Ziggurat Sprint"). The game lasted 00:01:38 (63 turns).

esc the Firebug (Deep Elf Fire Elementalist)          Turns: 63, Time: 00:01:41

Health: -15/10     AC:  2    Str:  5    XL:     1 ^: 12
Magic:  5/6        EV: 13    Int: 25    God:    Vehumet [0* [15]]
Gold:   0          SH:  0    Dex: 15    Spells: 5/6 levels left

rFire    . . .     Vision   .   F - +6 Majin-Bo {vampiric, corrupt archmagi; MP+6 Int+6}
rCold    . . .     Gourm    .   (no weapon)
rNeg     . . .     Faith    .   a - +0 robe
rPois    .         Spirit   .   (no helmet)
rElec    .         Reflect  .   (no cloak)
rCorr    .         Harm     .   (no gloves)
MR       .....     NoTele   +   (no boots)
Stlth    ++........             (no amulet)
HPRegen  0.13/turn              (no ring)
MPRegen  0.16/turn              (no ring)

@: no status effects
A: no striking features
a: Renounce Religion


You were in the Dungeon.
You worshipped Vehumet.
Vehumet was noncommittal.
You were not hungry.

You visited 1 branch

Inventory:

Weapons
 G - the +8 storm bow {elec, penet}
   (You found it in the Dungeon)

   It charges the ammunition it shoots with electricity; occasionally upon a
   hit, such missiles may discharge and cause terrible harm.
   Ammo fired by it will pass through the targets it hits, potentially hitting
   all targets in its path until it reaches maximum range.
   Shields
 E - the +18 shield of the Gong {rElec rN+ MR+ EV-5}
   (You found it in the Dungeon)

   Base shield rating: 8 Skill to remove penalty: 15.0 It affects your evasion
   (-5).
   It insulates you from electricity.
   It protects you from negative energy.
   It affects your resistance to hostile enchantments.
Armour
 a - a +0 robe (worn)
 H - +5 fire dragon scales
Magical Staves
 F - the +6 Majin-Bo (weapon) {vampiric, corrupt archmagi; MP+6 Int+6}
   (You found it in the Dungeon)

   [staff of ]

   Base accuracy: +5 Base damage: 5 Base attack delay: 1.2 This weapon's minimum
   attack delay (0.6) is reached at skill level 12.
   The minimum and maximum damage of damaging spells cast with this staff are
   significantly increased.
   It falls into the 'Staves' category.
   It is one handed.
   Its enchantment grants additive spellpower to the spells it enhances.
Jewellery
 x - an uncursed ring of dexterity
 y - an uncursed ring of dexterity
 z - an uncursed ring of intelligence
 A - an uncursed ring of intelligence
 B - an uncursed ring of strength
 C - an uncursed ring of strength
Wands
 t - a wand of disintegration (7)
 u - a wand of iceblast (7)
 v - a wand of acid (7)
Scrolls
 i - 4 scrolls of blinking
 o - 4 scrolls of amnesia
 p - 7 scrolls of fog
 q - a scroll of holy word
 r - 5 scrolls of bless item
 s - 2 scrolls of fear
Potions
 b - 2 potions of brilliance
 d - 10 potions of curing
 e - 10 potions of heal wounds
 f - 6 potions of haste
 g - 7 potions of magic
 h - 3 potions of berserk rage
 j - 2 potions of invisibility
 k - 4 potions of resistance
 l - a potion of experience
 m - 5 potions of agility
 n - 5 potions of might
Miscellaneous
 w - a crystal ball of energy
 D - a lightning rod (4/4)
Comestibles
 c - 6 rations


   Skills:
 + Level 0.0 Fighting
 + Level 2.4 Dodging
 - Level 2.4 Stealth
 + Level 3.0 Spellcasting
 + Level 3.2 Fire Magic


You had 5 spell levels left.
You knew the following spells:

 Your Spells              Type           Power        Failure   Level  Hunger
a - Foxfire               Fire           25 (25)      2%          1    None

Your spell library contained the following spells:

 Spells                   Type           Power        Failure   Level  Hunger
 Searing Ray              Fire           48 (50)      4%          2    ##.....
 Conjure Flame            Fire           48 (100)     8%          3    ###....
 Inner Flame              Hex/Fire       35 (100)     16%         3    ###....
 Sticky Flame             Fire/Pois      35 (100)     45%         4    ####...
 Fireball                 Fire           48 (200)     58%         5    ######.


Dungeon Overview and Level Annotations

Branches:
Dungeon (1/1)

Altars:
Ashenzari
Cheibriados
Dithmenos
Elyvilon
Fedhas Madash
Gozag Ym Sagoz
Hepliaklqana
Kikubaaqudgha
Makhleb
Nemelex Xobeh
Okawaru
Qazlal
Ru
Sif Muna
Trog
Uskayaw
Vehumet
Wu Jian
Xom
Yredelemnul
Zin
The Shining One
Beogh
Jiyva
Lugonu

Annotations:
D 1 transporter


Message History

A bullfrog and an ugly thing come into view.
The bullfrog gives a loud, deep croak!
The red ugly thing gurgles horribly!
Casting: Foxfire (safe; 2% risk of failure)
Confirm with . or Enter, or press ? or * to list all spells.
You feel a dreadful surge of power!
Some ephemeral spirits of chaos come forth from the void!
The bullfrog changes into a water moccasin!
The chaotic shard of destruction hits the red ugly thing (11)!
The red ugly thing is lightly wounded. (55/66) HP The chaotic shard of miasma hits the water moccasin (8)!
The water moccasin is poisoned.
The water moccasin is moderately wounded. (18/26) HP The water moccasin begins to change shapes rapidly.
The water moccasin changes into a shapeshifter!
The red ugly thing trunk-slaps you (7)!
Ouch! That really hurt!
* * * LOW HITPOINT WARNING * * *
You are engulfed in flames (16)!
Ouch! That really hurt!
You die...

▓▓▓▓▓▓▓
▓.8©8.▓
▓.....▓
▓.).[.▓
▓.....▓
▓.up..▓
▓..@..▓
▓▓▓▓▓▓▓


You could see a red ugly thing and a shapeshifter.

Vanquished Creatures (others)
  2 ephemeral spirits (D)
2 creatures vanquished.

Notes
Turn   | Place    | Note
-------+----------+-------------------------------------------
     0 | D        | esc the Deep Elf Fire Elementalist began the quest for the
                  | Orb.
     0 | D        | Reached XP level 1. HP: 10/10 MP: 6/6
     0 | D        | Found a shimmering blue altar of Sif Muna.
     0 | D        | Found a bloodstained altar of Trog.
     0 | D        | Found a sacrificial altar of Ru.
     0 | D        | Found a stormy altar of Qazlal.
     0 | D        | Found an iron altar of Okawaru.
     7 | D        | Became a worshipper of Vehumet
    11 | D        | Found a sparkling altar of Nemelex Xobeh.
    11 | D        | Found a blossoming altar of Fedhas.
    12 | D        | Found the +6 Majin-Bo {vampiric, corrupt archmagi; MP+6
                  | Int+6}
    12 | D        | Found the +9 ballista "Sniper" {velocity, Acc+∞ +Vis}
    12 | D        | Found the +10 dark maul {crush}
    12 | D        | Found the +15 Maxwell's patent armour {-Cast -Tele rElec
                  | MR+ rCorr}
    12 | D        | Found the +18 shield of the Gong {rElec rN+ MR+ EV-5}
    12 | D        | Found the +14 obsidian axe {chop, +Fly +Vis Soulbond}
    12 | D        | Found the +7 great mace "Firestarter" {inner flame, rF++}
    12 | D        | Found the +6 shillelagh "Devastator" {shatter}
    12 | D        | Found the +11 plutonium sword {*Contam Stlth-}
    12 | D        | Found the +8 lance "Wyrmbane" {slay drac, rPois rF+ rC+
                  | AC+3}
    12 | D        | Found the +9 sword of Zonguldrok {reap}
    12 | D        | Found the +13 scythe of Curses {drain, Soulbond}
    12 | D        | Found the +0 sword of Power
    12 | D        | Found the +7 mace of Variability {chain chaos}
    12 | D        | Found the +7 Singing Sword {penetrate, sonic wave}
    12 | D        | Found the +8 storm bow {elec, penet}
    13 | D        | Found a transporter.
    13 | D        | Found an ancient bone altar of Kikubaaqudgha.
    13 | D        | Found a viscous altar of Jiyva.
    13 | D        | Found a corrupted altar of Lugonu.
    13 | D        | Found a hazy altar of Hepliaklqana.
    13 | D        | Found a burning altar of Makhleb.
    13 | D        | Found an opulent altar of Gozag.
    61 | D        | Entered arena 2.
    61 | D        | Noticed a red ugly thing
    61 | D        | Noticed a bullfrog
    61 | D        | Found a transporter.
    62 | D        | Noticed a water moccasin
    62 | D        | a bullfrog changed into a water moccasin
    63 | D        | Noticed a shapeshifter
    63 | D        | a water moccasin changed into a shapeshifter
    63 | D        | Demolished by a red ugly thing

Levels and vault maps discovered:
D:        sprint_v [room_start, room_1, room_2, room_3, room_4, room_5, room_6,
          room_7, room_8, room_9, room_10, room_11, room_12, room_13, room_14,
          room_15, room_16, room_17, room_18, room_19, room_20, room_21,
          room_22, room_23, room_24, room_25, room_26, room_27]

Action                   || total
-------------------------++-------
 Cast: Foxfire           ||     1
  Eat: Ration            ||     1
